 Seeded DCSS version 0.28-a0-1382-g92835e5c71 (webtiles) character file.

Game seed: 20211231 (custom seed)

77 croobank the Sneak (level 4, -3/28 HPs)
             Began as an Octopode Wanderer on Dec 31, 2021.
             Slain by a goblin (6 damage)
             ... led by Robin
             ... on level 3 of the Dungeon on Jan 1, 2022.
             The game lasted 00:10:16 (2633 turns).

croobank the Sneak (Octopode Wanderer)              Turns: 2633, Time: 00:10:17

Health: -3/28      AC:  3    Str: 13    XL:     4   Next: 33%
Magic:  4/6        EV: 12    Int: 15    God:
Gold:   59         SH:  0    Dex: 12    Spells: 1/5 levels left

rFire   . . .      SeeInvis .   a - +0 club
rCold   . . .      Faith    .   (no shield)
rNeg    . . .      Spirit   .   (helmet restricted)
rPois   .          Reflect  .   (no amulet)
rElec   .          Harm     .   (no ring)
rCorr   .          Rampage  .   (no ring)
Will    .....                   (no ring)
Stlth   +++.......              (no ring)
HPRegen 0.09/turn               (no ring)
MPRegen 0.10/turn               (no ring)
                                (no ring)
                                (no ring)

@: no status effects
A: almost no armour, amphibious, 8 rings, camouflage 1, gelatinous body 1,
(nimble swimmer 1), tentacles, iridescent scales 1, agile 1
a: no special abilities


You were on level 3 of the Dungeon.
You visited 1 branch of the dungeon, and saw 3 of its levels.

You collected 59 gold pieces.

Inventory:

Hand Weapons
 a - a +0 club (weapon)
Missiles
 h - 27 stones
 i - 20 bolts
 j - 4 curare-tipped darts
Scrolls
 b - 4 scrolls of teleportation
 c - a scroll of vulnerability
 l - a scroll of identify {unknown}
 o - a scroll of immolation {unknown}
Potions
 d - 2 potions of invisibility
 k - a potion of attraction {unknown}
 m - a potion of heal wounds {unknown}
 n - a potion of degeneration {unknown}
 p - a potion of berserk rage {unknown}


   Skills:
 + Level 1.5 Fighting
 + Level 1.8 Throwing
 + Level 3.4 Stealth
 + Level 1.8 Unarmed Combat
 + Level 1.4 Spellcasting
 + Level 3.2 Hexes
 + Level 1.9 Evocations


You had one spell level left.
You knew the following spells:

 Your Spells              Type           Power      Damage    Failure   Level
a - Slow                  Hex            40%        N/A       6%          1
b - Confusing Touch       Hex            10%        N/A       19%         3

Your spell library contained the following spells:

 Spells                   Type           Power      Damage    Failure   Level
 Summon Guardian Golem    Hex/Summ       6%         N/A       34%         3
 Gell's Gravitas          Tloc           1%         N/A       56%         3
 Teleport Other           Tloc           1%         N/A       56%         3
 Fulminant Prism          Conj/Hex       3%         3d6       75%         4
 Iskenderun's Mystic Bla  Conj/Tloc      1%         2d3       93%         4
 Lee's Rapid Deconstruct  Erth           0%         3d5*      100%        5
 Dispersal                Tloc           0%         N/A       100%        6


Dungeon Overview and Level Annotations

Branches:
Dungeon (3/15)

Altars:

Annotations:
D:3 Robin


Innate Abilities, Weirdness & Mutations

You cannot wear most types of armour.
You are amphibious.
You can wear up to eight rings at the same time.
Your skin changes colour to match your surroundings (Stealth+).
Your rubbery body absorbs attacks. (AC +1, EV +1)
((You are camouflaged when in or above water. (Stealth+)))
You have tentacles for arms and can constrict up to eight enemies at once.
You are partially covered in iridescent scales. (AC +2)
You are agile. (Dex +2)


Message History

The goblin misses you.
You hit the goblin but do no damage.
The goblin appears confused.
The goblin is severely wounded.
You constrict the goblin.
You kill the goblin!
Robin roars a battlecry!
The goblins go into a battle-frenzy!
The goblin hits you with a +0 club.
You hit the goblin.
You kill the goblin!
The goblin shoots a stone.
The stone hits you.
You barely miss the goblin. Your grab misses the goblin.
Robin throws the goblin at you! The goblin barely misses you.
The goblin unwields a +0 hunting sling.
The goblin wields a +0 dagger.
The goblin completely misses you.
Okay, then.
The goblin unwields a +0 club.
The goblin wields a +0 hunting sling.
The goblin shoots a stone.
The stone barely misses you.
The goblin unwields a +0 dagger.
The goblin wields a +0 hunting sling.
The goblin shoots a stone.
The stone closely misses you.
A hobgoblin comes into view.
The goblin unwields a +0 hunting sling.
The goblin wields a +0 club.
The goblin barely misses you.
The goblin unwields a +0 hunting sling.
The goblin wields a +0 dagger.
The goblin hits you with a +0 dagger.
The goblin unwields a +0 club.
The goblin wields a +0 hunting sling.
The goblin shoots a stone.
The stone barely misses you. The goblin closely misses you.
The goblin unwields a +0 hunting sling.
The goblin wields a +0 club.
The goblin completely misses you.
You hit the goblin but do no damage. Your grab misses the goblin.
The goblin barely misses you.
A goblin comes into view. It is wielding a +0 dagger.
The goblin hits you with a +0 club.
* * * LOW HITPOINT WARNING * * *
The goblin hits you with a +0 dagger.
* * * LOW HITPOINT WARNING * * *
It was a potion of mutation.
You feel extremely strange.
You feel agile.
Iridescent scales grow over part of your body.
The goblin hits you with a +0 club.
You die... #.###### #gggggg#

#@##### ##.#.#.#.
#.#.#.#.#. ###
#.####.#.#.#.#.# ..##
#.....#.#.#.#.#.#...
#####.#.#.#.#.#.#.####
#.##.#.#.#.#.#.#..#...
#...#.#.#.#.#.#...#.##
#.##.#.#.#.#.#.#......


You could see Robin, 2 hobgoblins and 3 goblins.

Vanquished Creatures
  An orc wizard (D:3)
  An adder (D:2)
  4 dart slugs
  2 orcs (D:3)
  4 ball pythons
  5 bats
  An endoplasm (D:3)
  3 goblins (D:3)
  A hobgoblin (D:1)
  3 jackals (D:1)
  3 kobolds
  A quokka (D:2)
  2 frilled lizards (D:1)
  3 rats
34 creatures vanquished.

Notes
Turn   | Place    | Note
-------+----------+-------------------------------------------
     0 | D:1      | croobank the Octopode Wanderer began the quest for the Orb.
     0 | D:1      | croobank set off with the following items: a +0 club, a
                  | scroll of teleportation, a scroll of vulnerability; and the
                  | following spell memorised: Slow; and the following spells
                  | available to memorise: Confusing Touch, Summon Guardian
                  | Golem
     0 | D:1      | Reached XP level 1. HP: 13/13 MP: 2/2
   341 | D:1      | Reached XP level 2. HP: 9/18 MP: 1/3
  1259 | D:2      | Found a faded altar of an unknown god.
  1586 | D:2      | Reached XP level 3. HP: 22/23 MP: 4/4
  2234 | D:3      | HP: 1/23 [bat (1)]
  2235 | D:3      | Reached XP level 4. HP: 1/28 MP: 4/6
  2495 | D:3      | Upgraded the game from 0.28-a0-1374-ga75cb3825e to
                  | 0.28-a0-1382-g92835e5c71
  2548 | D:3      | Learned a level 3 spell: Confusing Touch
  2619 | D:3      | Noticed Robin
  2633 | D:3      | Gained mutation: You are agile. (Dex +2) [potion of
                  | mutation]
  2633 | D:3      | Gained mutation: You are partially covered in iridescent
                  | scales. (AC +2) [potion of mutation]
  2633 | D:3      | Slain by a goblin

Illustrated notes

Levels and vault maps discovered:
D:1:      grunt_arrival_lava_bath, layout_rooms
D:2:      layout_loops_ring, shapermc_ecumenical_altar_mp_urbaneastern,
          solitary_fountain
D:3:      layout_basic, minivault_23, st_stairs_11, uniq_robin

Skill      XL: |  1 |
---------------+----+-----
Stealth        | 3 |  3.4
Fighting       | |  1.5
Throwing       | |  1.8
Unarmed Combat | |  1.8
Spellcasting   | |  1.4
Hexes          | |  3.2
Evocations     | |  1.9

Action                   |  1- 3 |  4- 6 || total
-------------------------+-------+-------++-------
Melee: Club              |    64 |    29 ||    93
       Constrict         |    19 |     4 ||    23
       Tentacles         |    10 |     2 ||    12
       Punch             |     1 |       ||     1
 Cast: Slow              |     3 |       ||     3
       Confusing Touch   |       |     1 ||     1
  Use: Scroll            |     2 |       ||     2
       Potion            |     1 |     3 ||     4
 Stab: Sleeping          |     5 |     1 ||     6
Armor: Skin              |    12 |    19 ||    31
Dodge: Dodged            |    59 |    24 ||    83

Table legend: (Time is in decaauts)
 A = Elapsed time spent in this place.
 B = Non-inter-level travel time spent in this place.
 C = Inter-level travel time spent in this place.
 D = Time resting spent in this place.
 E = Time spent auto-exploring this place.
 F = Levels seen in this place.
 G = Mean time per level.
                   A        B        C        D        E       F      G
               +--------+--------+--------+--------+--------+-----+--------+
         Total |   2660 |   2645 |     15 |   1109 |   1162 |   3 |  886.7 |
       Dungeon |   2660 |   2645 |     15 |   1109 |   1162 |   3 |  886.7 |
               +--------+--------+--------+--------+--------+-----+--------+

Top non-repeatable levels by time:
     D:1: 1165 daAuts
     D:2: 968 daAuts
     D:3: 526 daAuts
